Match 45672222
Unlisted

Match 45672222
End
Selects Italian Combined Arms Battlegroup
Selects Bersaglieri Squad
Bersaglieri Squad
Bersaglieri Squad
Bersaglieri Squad
Construct Light Support Kompanie
2.5-tonne Medical Truck
Selects Bersaglieri Bolster
Fire Support Elements
Pak 38 Anti-tank Gun Team
Veteran Squad Leaders
Selects Breda Model 30 Light Machine Guns
Construct Panzerarmee Kommand
Flak 36 Anti-tank Gun Team
Selects Semovente da 75/18 Assault Gun
Selects Carro Armato M13/40 Light Tank
Walking Stuka Rocket Launcher
Selects Pact of Steel
Walking Stuka Rocket Launcher
Rapid Advance
Armored Reserves
Emergency Repair Kits
Tiger Heavy Tank
2.5-tonne Medical Truck
Panzerpioneer Squad
Sombra
Pufi
Art3x
ionwood
Caprise
patito
Svenious Jakobus (GB)
Lord Curzon
0
0

Comments sign in to comment!

No comments posted yet!